 Dungeon Crawl Stone Soup version 0.21.1-1-g345015f (webtiles) character file.

41 shakethe the Grave Robber (level 3, -1/24 HPs)
             Began as a Demonspawn Necromancer on Feb 15, 2018.
             Slain by a worm (7 damage)
             ... on level 2 of the Dungeon.
             The game lasted 00:04:35 (1885 turns).

shakethe the Grave Robber (Demonspawn Necromancer)  Turns: 1885, Time: 00:04:36

Health: -1/24      AC:  2    Str:  8    XL:     3   Next: 32%
Magic:  1/6        EV: 12    Int: 17    God:
Gold:   100        SH:  0    Dex: 13    Spells: 5/7 levels left

rFire    . . .     SeeInvis .   e - +0 spear
rCold    + . .     Gourm    .   (no shield)
rNeg     . . .     Faith    .   a - +0 robe
rPois    .         Spirit   .   (no helmet)
rElec    .         Reflect  .   (no cloak)
rCorr    .         Harm     .   (no gloves)
MR       .....                  (no boots)
Stlth    ++........             (no amulet)
HPRegen  0.08/turn              (no ring)
MPRegen  0.10/turn              (no ring)

@: no status effects
A: cold resistance 1
a: no special abilities


You were on level 2 of the Dungeon.
You were very hungry.

You visited 1 branch of the dungeon, and saw 2 of its levels.

You collected 100 gold pieces.

Inventory:

Hand Weapons
 d - a +0 dagger
   (You took it off a goblin on level 1 of the Dungeon)
 e - a +0 spear (weapon)
   (You found it on level 1 of the Dungeon)
Armour
 a - a +0 robe (worn)
Scrolls
 f - a scroll of identify {unknown}
 h - a scroll of teleportation {unknown}
 i - 3 scrolls of amnesia {unknown}
 j - a scroll of magic mapping {unknown}
 k - a scroll of enchant armour {unknown}
 l - a scroll of noise {unknown}
Potions
 g - 2 potions of haste {unknown}
 m - a potion of agility {unknown}
Books
 b - a book of Necromancy
Comestibles
 c - 6 rations


   Skills:
 - Level 1.7 Dodging
 - Level 1.7 Stealth
 + Level 2.5 Spellcasting
 * Level 5.3 Necromancy


You had 5 spell levels left.
You knew the following spells:

 Your Spells              Type           Power        Failure   Level  Hunger
a - Pain                  Necr           ###.         1%          1    #......
A - Animate Skeleton      Necr           N/A          1%          1    #......


Dungeon Overview and Level Annotations

Branches:
Dungeon (2/15)

Altars:


Innate Abilities, Weirdness & Mutations

Your flesh is cold resistant. (rC+)


Message History

The bat barely misses you. The bat hits you but does no damage.
The bat closely misses you. The bat barely misses you. x2
The bat closely misses you. The bat misses you. The bat misses you.
The bat hits you but does no damage.
You closely miss the bat. The bat barely misses you. The bat hits you.
You miss the bat. The bat hits you but does no damage.
You hit the worm. The bat closely misses you. The worm closely misses you.
You hit the worm. The bat barely misses you. The bat closely misses you.
You hit the worm but do no damage. The bat hits you but does no damage.
The worm misses you.
You hit the worm but do no damage. The bat misses you. The worm bites you!
You take 8 damage, and have 14/24 hp.
MASSIVE DAMAGE!!
You hit the worm but do no damage. The bat hits you but does no damage.
You barely miss the worm. The bat hits you but does no damage.
The worm bites you.
You take 3 damage, and have 11/24 hp.
You hit the worm. The bat hits you but does no damage.
The worm closely misses you. The bat hits you but does no damage.
The bat closely misses you. The bat barely misses you.
The bat hits you but does no damage. The bat misses you.
The bat hits you but does no damage. The bat barely misses you.
Aim: a bat (chance to defeat MR: 90%)
You miscast Pain.
You are very lightly contaminated with residual magic.
You shiver with cold.
The bat hits you but does no damage.
You now have 5/6 mp.
Aim: a bat (chance to defeat MR: 90%)
The bat writhes in agony!
The bat hits you but does no damage.
You take 1 damage, and have 11/24 hp.
You now have 4/6 mp.
Aim: a bat (severely wounded, chance to defeat MR: 90%)
The bat writhes in agony!
You kill the bat!
You take 1 damage, and have 10/24 hp.
You now have 3/6 mp.
Aim: a worm (chance to defeat MR: 85%)
The worm writhes in agony!
Aim: a worm (lightly wounded, chance to defeat MR: 85%)
The worm writhes in agony!
You take 1 damage, and have 9/24 hp.
You now have 2/6 mp.
Aim: a worm (lightly wounded, chance to defeat MR: 85%)
The worm writhes in agony!
You take 1 damage, and have 8/24 hp.
You now have 1/6 mp.
Aim: a worm (heavily wounded, chance to defeat MR: 85%)
The worm writhes in agony!
You take 1 damage, and have 7/24 hp.
You now have 0/6 mp.
You see here a club.
Your magical contamination has completely faded away.
Aim: a worm (moderately wounded, chance to defeat MR: 85%)
The worm barely resists.
You take 1 damage, and have 7/24 hp.
You now have 0/6 mp.
You are feeling very hungry.
The worm barely misses you.
MP restored: 6
Aim: a worm (chance to defeat MR: 85%)
The worm writhes in agony!
You now have 5/6 mp.
Aim: a worm (lightly wounded, chance to defeat MR: 85%)
The worm writhes in agony!
You take 1 damage, and have 10/24 hp.
You now have 4/6 mp.
Aim: a worm (moderately wounded, chance to defeat MR: 85%)
The worm writhes in agony!
You take 1 damage, and have 9/24 hp.
You now have 3/6 mp.
Aim: a worm (moderately wounded, chance to defeat MR: 85%)
The worm writhes in agony!
You take 1 damage, and have 8/24 hp.
You now have 2/6 mp.
A worm comes into view.
You see here a club.
MP restored: 6 You see here a bat corpse.
You butcher the bat corpse.
You see here a chunk of flesh {@w0}.
Okay, then.
Aim: a worm (chance to defeat MR: 85%)
The worm writhes in agony!
You take 1 damage, and have 10/24 hp.
You now have 5/6 mp.
Aim: a worm (lightly wounded, chance to defeat MR: 85%)
The worm writhes in agony!
You now have 4/6 mp.
Aim: a worm (heavily wounded, chance to defeat MR: 85%)
The worm writhes in agony!
You take 1 damage, and have 9/24 hp.
You now have 3/6 mp.
Unknown command.
Aim: a worm (moderately wounded, chance to defeat MR: 85%)
The worm writhes in agony!
You take 1 damage, and have 8/24 hp.
You now have 2/6 mp.
Aim: a worm (heavily wounded, chance to defeat MR: 85%)
The worm writhes in agony!
You take 1 damage, and have 7/24 hp.
You now have 1/6 mp.
Aim: a worm (almost dead, chance to defeat MR: 85%)
The worm writhes in agony!
You take 1 damage, and have 6/24 hp.
The worm barely misses you.
You hit the worm. The worm bites you!
You die...

#.##......# #######
..#.#.##......# #.....#
#.#.#.#.......####.....#
..#.#.#.......#........#####
..#.#.........).............
#.#.#.#.#######........#####
............................
..#.#.#.#######........#####
..........%...ww@...).......
..#.#.#.#######....#.#######
#.#.#.#.# ####.#.# .#
#.#.#.#.# #.#.# .. #.#.#.#.#
#.#.# #. #.#.#.#.. ..#.# #.
#.#.#.### ###.# #. #.#.#<#
#.##### #.## #.#### #.....#
#..#


You could see 2 worms.

Vanquished Creatures
  A worm (D:2)
  2 dart slugs
  2 leopard geckos (D:1)
  2 giant cockroaches (D:1)
  6 goblins
  3 hobgoblins
  7 bats
  4 frilled lizards
  3 kobolds
  A rat (D:2)
31 creatures vanquished.

Notes
Turn   | Place    | Note
-------+----------+-------------------------------------------
     0 | D:1      | shakethe the Demonspawn Necromancer began the quest for the Orb.
     0 | D:1      | Reached XP level 1. HP: 13/13 MP: 3/3
    87 | D:1      | Gained mutation: Your flesh is cold resistant. (rC+) [demonic ancestry]
    87 | D:1      | Reached XP level 2. HP: 12/19 MP: 1/5
   450 | D:1      | Reached skill level 5 in Necromancy
   856 | D:2      | Learned a level 1 spell: Animate Skeleton
   900 | D:1      | Reached XP level 3. HP: 9/24 MP: 6/6
  1159 | D:2      | HP: 2/24 [worm (10)]
  1885 | D:2      | Slain by a worm

Skill      XL: |  1  2 |
---------------+-------+-----
Necromancy     | 5 |  5.3
Dodging        | |  1.7
Stealth        | |  1.7
Spellcasting   | |  2.5

Action                   || total
-------------------------++-------
Melee: Spear             ||   107
 Cast: Pain              ||    32
 Stab: Sleeping          ||     1
  Eat: Chunk             ||     2
Armor: Robe              ||    28
Dodge: Dodged            ||    87

Vault maps used:
D:1:      lightli_molten_gateway

Table legend:
 A = Turns spent in this place as a percentage of turns spent in the entire game.
 B = Non-inter-level travel turns spent in this place as a percentage of non-inter-level travel turns spent in the entire game.
 C = Inter-level travel turns spent in this place as a percentage of turns spent in this place.
 D = Turns resting spent in this place as a percentage of non-inter-level travel turns spent in this place.
 E = Turns spent auto-exploring this place as a percentage of non-inter-level travel turns spent in this place.
 F = Non-inter-level travel turns spent in this place divided by the number of levels of this place that you've seen.
                   A       B       C       D       E      F
               +-------+-------+-------+-------+-------+----------------------
         Total | 100.0 | 100.0 |   1.8 |  44.3 |  20.2 | 926.0
       Dungeon | 100.0 | 100.0 |   1.8 |  44.3 |  20.2 | 926.0
               +-------+-------+-------+-------+-------+----------------------

Table legend:
 A = Kills in this place as a percentage of kills in entire the game.
 B = Kills by you in this place as a percentage of kills by you in the entire game.
 C = Kills by friends in this place as a percentage of kills by friends in the entire game.
 D = Other kills in this place as a percentage of other kills in the entire game.
 E = Experience gained in this place as a percentage of experience gained in the entire game.
 F = Experience gained in this place divided by the number of levels of this place that you have seen.
                   A       B       C       D       E      F
               +-------+-------+-------+-------+-------+----------------------
         Total | 100.0 | 100.0 |   N/A |   N/A | 100.0 |  29.5
       Dungeon | 100.0 | 100.0 |   N/A |   N/A | 100.0 |  29.5
               +-------+-------+-------+-------+-------+----------------------
